 Dungeon Crawl Stone Soup version 0.27-a0-828-g8289197e94 (webtiles) character file.

Game seed: 14834270589470499972

286 funkygono the Magician (level 6, -1/41 HPs)
             Began as a Djinni Fire Elementalist on Mar 30, 2021.
             Was an Initiate of Cheibriados.
             Slain by a black bear (13 damage)
             ... on level 4 of the Dungeon.
             The game lasted 00:09:48 (3846 turns).

funkygono the Magician (Djinni Fire Elementalist)   Turns: 3846, Time: 00:09:49

Health: -1/41      AC:  5    Str:  8    XL:     6   Next: 30%
Gold:   264        EV: 12    Int: 20    God:    Cheibriados [......] SH:  0 Dex: 14

rFire    + + .     SeeInvis .   f - staff of death
rCold    x . .     Faith    .   (no shield)
rNeg     + . .     Spirit   .   j - +2 robe
rPois    ∞         Reflect  .   (no helmet)
rElec    .         Harm     .   i - +0 cloak
rCorr    .         Rampage  .   (no gloves)
Will     .....                  (boots unavailable)
Stlth    ++........             (no amulet)
HPRegen  0.13/turn              (no ring)
MPRegen  0.00/turn              (no ring)

@: flying, very slow
A: fire resistance 2, cold vulnerability 1, float, innate caster, hp casting,
extra vitality 1
a: Renounce Religion, Bend Time


You were on level 4 of the Dungeon.
You worshipped Cheibriados.
Cheibriados was noncommittal.
You visited 2 branches of the dungeon, and saw 5 of its levels.

You collected 264 gold pieces.

Inventory:

Hand Weapons
 l - a +0 dagger of freezing
Armour
 i - a +0 cloak (worn)
 j - a +2 robe (worn)
Magical Staves
 b - a staff of air
 e - a staff of cold
 f - a staff of death (weapon)
Scrolls
 k - a scroll of magic mapping
Potions
 a - a potion of might {unknown}
 c - a potion of lignification
 d - a potion of mutation
 h - a potion of flight {unknown}


   Skills:
 + Level 0.6 Fighting
 + Level 0.2 Staves
 * Level 2.8 Dodging
 - Level 1.5 Stealth
 * Level 5.5 Spellcasting


You couldn't memorise any spells.
You knew the following spells:

 Your Spells              Type           Power      Damage    Failure   Level
a - Foxfire               Conj/Fire      100%       2x1d9     1%          1
b - Conjure Flame         Conj/Fire      27%        6-21      3%          3
c - Inner Flame           Hex/Fire       27%        N/A       3%          3
d - Sticky Flame          Conj/Fire      27%        2d5       11%         4
e - Fireball              Conj/Fire      13%        3d7       30%         5
f - Pain                  Necr           100%       1d9       1%          1
g - Swiftness             Air            27%        N/A       1%          2
Your spell library was empty.

Dungeon Overview and Level Annotations

Branches:
Dungeon (4/15)             Temple (1/1) D:4

Altars:
Ashenzari
Cheibriados
Dithmenos
Elyvilon
Fedhas
Gozag
Hepliaklqana
Kikubaaqudgha
Makhleb
Nemelex Xobeh
Sif Muna
Uskayaw
Vehumet
Wu Jian
Yredelemnul
Zin
The Shining One

Shops:
D:2 *   D:4 =


Innate Abilities, Weirdness & Mutations

You are immune to poison.
Your flesh is very heat resistant. (rF++)
You are vulnerable to cold. (rC-)
You float through the air rather than walking.
You learn spells naturally, not from books.
Your magical power is your life essence.
You have superior vitality. (+4 HP)


Message History

Confirm with . or Enter, or press ? or * to list all spells.
You conjure some foxfire!
The foxfire hits the black bear.
The black bear is moderately wounded.
The foxfire hits the black bear.
The black bear is moderately wounded.
Casting: Foxfire (safe; 1% risk of failure)
Confirm with . or Enter, or press ? or * to list all spells.
You conjure some foxfire!
The foxfire hits the black bear.
The black bear is heavily wounded.
The foxfire hits the black bear!
The black bear is severely wounded.
The foxfire hits the black bear.
The black bear is almost dead.
The black bear goes berserk!
Casting: Foxfire (safe; 1% risk of failure)
Confirm with . or Enter, or press ? or * to list all spells.
Aiming: Pain (safe; 1% risk of failure)
Press: ? - help, Shift-Dir - straight line, f - black bear
Aim: a black bear (almost dead, berserk, chance to affect: 84%)
You feel a surge of power!
The black bear writhes in agony.
The black bear bites you. The black bear completely misses you.
The black bear claws you.
Casting: Pain (safe; 1% risk of failure)
Confirm with . or Enter, or press ? or * to list all spells.
You conjure some foxfire!
The black bear misses you. The black bear claws you.
The black bear claws you but does no damage.
The black bear closely misses you. The black bear misses you.
The black bear claws you but does no damage.
The foxfire hits the black bear.
The black bear is almost dead.
The foxfire hits the black bear.
The black bear is almost dead.
The black bear bites you! The black bear misses you.
The black bear closely misses you.
Casting: Foxfire (safe; 1% risk of failure)
Confirm with . or Enter, or press ? or * to list all spells.
You conjure some foxfire!
* * * LOW HITPOINT WARNING * * *
The black bear bites you!
You die...

.>.. #.# #... #?.#
#..§##.. #..##.## #.#...#
# ############# #.)#.##.#
............# #..##..#
.#####......# #v§#.#.# .#
#.####.###v@#.#.#
.#####.# #......h.#.#
.......# #.######$##.
.###.#.## #.# #....
.##.###.# #.# #.....
.###.#.## #.# ###...#
.###..#####.#### .#...
...............#####)#.##
.###).#..............# #


You could see a black bear (berserk, ally target).

Vanquished Creatures
  An ice beast (D:3)
  A howler monkey (D:3)
  Jessica (D:2)
  5 adders
  2 gnolls
  An adder skeleton (D:4)
  An orc (D:3)
  3 bats
  6 endoplasms
  4 giant cockroaches
  8 goblins
  10 hobgoblins
  3 jackals (D:2)
  A quokka (D:2)
  5 ball pythons
  A frilled lizard (D:1)
  4 kobolds
  3 rats
60 creatures vanquished.

Vanquished Creatures (others)
  145 foxfires
  A plant (D:1)
146 creatures vanquished.

Grand Total: 206 creatures vanquished

Notes
Turn   | Place    | Note
-------+----------+-------------------------------------------
     0 | D:1      | funkygono the Djinni Fire Elementalist began the quest for
                  | the Orb.
     0 | D:1      | Reached XP level 1. HP: 15/15 MP: 0/0
    68 | D:1      | Reached skill level 3 in Spellcasting
    68 | D:1      | Reached XP level 2. HP: 17/21 MP: 0/0
   274 | D:1      | Reached XP level 3. HP: 21/25 MP: 0/0
   274 | D:1      | Learned a level 1 spell: Pain
  1279 | D:2      | Found Meokair's General Store.
  1710 | D:2      | Reached skill level 4 in Spellcasting
  1927 | D:2      | Noticed Jessica
  1935 | D:2      | Killed Jessica
  1936 | D:2      | Reached XP level 4. HP: 20/31 MP: 0/0
  2288 | D:3      | Found a burning altar of Makhleb.
  2659 | D:3      | Reached XP level 5. HP: 19/35 MP: 0/0
  2659 | D:3      | Learned a level 2 spell: Swiftness
  2911 | D:3      | Noticed an ice beast
  2915 | D:3      | Killed an ice beast
  2916 | D:3      | Reached skill level 5 in Spellcasting
  2916 | D:3      | Reached XP level 6. HP: 33/40 MP: 0/0
  3489 | D:4      | Found Raohog's Jewellery Shoppe.
  3489 | D:4      | Found a staircase to the Ecumenical Temple.
  3503 | Temple   | Entered the Ecumenical Temple
  3591 | Temple   | Became a worshipper of Cheibriados the Contemplative
  3834 | D:4      | Noticed a black bear
  3846 | D:4      | Slain by a black bear

Illustrated notes

Levels and vault maps discovered:
D:1:      lightli_iron_boxes, layout_rooms, serial_forest,
          infiniplex_forest_clump_medium, infiniplex_forest_clump_cross,
          infiniplex_forest_lined_corner, infiniplex_forest_straight_2,
          infiniplex_forest_straight_4, infiniplex_forest_end_2,
          infiniplex_forest_end_2, infiniplex_forest_straight_3,
          infiniplex_forest_end_2, minmay_heptomino_o4
D:2:      layout_basic, serial_shops, nicolae_shop_stone,
          hangedman_abyss_or_decor_stabs, uniq_jessica
D:3:      layout_basic, grunt_temple_overflow_lords_of_destruction,
          chequers_garden, minmay_three_crescents
D:4:      layout_loops_ring, minmay_temple_entry_purple_smoke, serial_shops,
          shop_statue, minmay_pentomino_pile
Temple:   regret_index_temple_waves

Skill      XL: |  1  2  3  4  5 |
---------------+----------------+-----
Spellcasting   | 3 4 5 |  5.5
Fighting       | |  0.6
Staves         | |  0.2
Dodging        | |  2.8
Stealth        | |  1.5

Action                   |  1- 3 |  4- 6 || total
-------------------------+-------+-------++-------
Melee: Staff             |    31 |    33 ||    64
       Dagger            |       |    23 ||    23
 Cast: Foxfire           |    43 |    51 ||    94
       Pain              |    16 |    14 ||    30
  Use: Scroll            |     3 |     3 ||     6
Armor: Robe              |     1 |    26 ||    27
Dodge: Dodged            |     2 |    47 ||    49

Table legend: (Time is in decaauts)
 A = Elapsed time spent in this place.
 B = Non-inter-level travel time spent in this place.
 C = Inter-level travel time spent in this place.
 D = Time resting spent in this place.
 E = Time spent auto-exploring this place.
 F = Levels seen in this place.
 G = Mean time per level.
                   A        B        C        D        E       F      G
               +--------+--------+--------+--------+--------+-----+--------+
         Total |   3893 |   3716 |    177 |      0 |   3045 |   5 |  778.6 |
       Dungeon |   3715 |   3627 |     88 |      0 |   2961 |   4 |  928.8 |
        Temple |    177 |     89 |     88 |      0 |     84 |   1 |  177.0 |
               +--------+--------+--------+--------+--------+-----+--------+

Top non-repeatable levels by time:
     D:3: 1213 daAuts
     D:1: 1202 daAuts
     D:2: 1031 daAuts
     D:4: 269 daAuts
  Temple: 177 daAuts
